 Dungeon Sprint DCSS version 0.29.0-11-gd7f09526c8 (webtiles) character file.

Game seed: 15591235629115381908

10349 CalmDownMonkey the Ninja (level 11, -6/56 HPs)
             Began as a Spriggan Enchanter on Sept 2, 2022.
             Was the Champion of Dithmenos.
             Mangled by a hornet (16 damage)
             ... in the Dungeon (Sprint I: "Red Sonja").
             The game lasted 00:16:26 (1867 turns).

CalmDownMonkey the Ninja (Spriggan Enchanter)       Turns: 1867, Time: 00:16:26

Health: -6/56      AC:  2    Str:  4    XL:     11   Next: 35%
Magic:  14/27      EV: 30    Int: 16    God:    Dithmenos [******]
Gold:   1271       SH:  0    Dex: 21    Spells: 21/32 levels left

rFire   . . .      SeeInvis +   m - +2 dagger (drain)
rCold   . . .      Faith    .   p - orb {guile}
rNeg    . . .      Spirit   .   b - +0 robe
rPois   .          Reflect  .   (helmet restricted)
rElec   .          Harm     .   (no cloak)
rCorr   .          Rampage  .   (gloves unavailable)
Will    .....      NoTele   +   (boots unavailable) Stlth ********++
                                (no amulet)
HPRegen 0.18/turn               (no ring)
MPRegen 0.20/turn               (no ring)

@: mesmerised, hasted, wreathed by umbra, very quick
A: very small, no large weapons, unfitting armour, see invisible, speed 3
a: Renounce Religion, Shadow Step, Shadow Form


You were in the Dungeon.
You worshipped Dithmenos.
Dithmenos was exalted by your worship.
You visited 1 branch You collected 1271 gold pieces.

Inventory:

Hand Weapons
 a - a +1 dagger
 m - a +2 dagger of draining (weapon)
   (You took it off Sonja in the Dungeon)
Missiles
 c - 3 curare-tipped darts {=f}
 n - 19 stones
Armour
 b - a +0 robe (worn)
 p - an orb of guile (worn)
   (You found it in the Dungeon)
Wands
 h - a wand of iceblast (9)
 j - a wand of paralysis (4)
 k - a wand of digging (5)
Scrolls
 i - 2 scrolls of blinking {!r}
 l - a scroll of amnesia {unknown}
Potions
 d - 4 potions of curing
 e - a potion of degeneration {unknown}
 g - 2 potions of magic
 o - a potion of mutation {unknown}
 q - a potion of might {unknown}


   Skills:
 + Level 5.4 Fighting
 - Level 10.0 Short Blades
 + Level 14.3 Dodging
 O Level 27 Stealth
 + Level 11.0 Spellcasting
 - Level 11.4 Hexes
 - Level 7.5 Ice Magic


You had 21 spell levels left.
You knew the following spells:

 Your Spells              Type           Power      Damage    Failure   Level
a - Ensorcelled Hibernat  Hex/Ice        78%        N/A       1%          2
b - Confusing Touch       Hex            45%        N/A       1%          3
c - Tukima's Dance        Hex            45%        N/A       1%          3
d - Dazzling Flash        Conj/Hex       54%        N/A       2%          3

Your spell library contained the following spells:

 Spells                   Type           Power      Damage    Failure   Level


Dungeon Overview and Level Annotations

Branches:
Dungeon (1/1)

Altars:
Cheibriados
Dithmenos
Elyvilon
Fedhas
Gozag
Hepliaklqana
Kikubaaqudgha
Makhleb
Nemelex Xobeh
Okawaru
Qazlal
Ru
Sif Muna
Trog
Uskayaw
Vehumet
Wu Jian
Xom
Yredelemnul
Zin
The Shining One
Jiyva
Lugonu

Shops:
D ([[

Annotations:
D exclusion: oklob plant


Innate Abilities, Weirdness & Mutations

You are very small and have problems with some larger weapons.
You are too small for most types of armour.
You have supernaturally acute eyesight. (SInv)
You cover ground extremely quickly. (Speed+++)


Message History

There is an open door here.
The helpless 12-headed hydra fails to defend itself.
You stick the 12-headed hydra like a pincushion!!!!!
You kill the 12-headed hydra!
Dithmenos accepts your kill.
Your Fighting skill increases to level 4!
You hit the floating eye.
The floating eye is moderately wounded.
The floating eye gazes piercingly through you!
You suddenly lose the ability to move!
The floating eye's view fixates on you.
The floating eye gazes piercingly through you!
You shrug off the repeated paralysis!
You can move again.
You hit the floating eye.
The floating eye is heavily wounded.
Your shadow hits the floating eye with a dagger.
You hit the floating eye.
The floating eye is severely wounded.
Your shadow completely misses the floating eye.
You hit the floating eye. You drain the floating eye.
You kill the floating eye!
Dithmenos accepts your kill.
You now have 1244 gold pieces (gained 27).
You now have 1271 gold pieces (gained 27).
You open the door.
There is an open door here.
There is an open door here.
There is an open door here.
You open the door.
A merfolk siren and a deep elf annihilator come into view.
Aiming: Shadow Step
Press: ? - help, Dir - move target, f - merfolk siren
Aim: a merfolk siren, wielding a +0 spear (asleep, umbra)
You step into the merfolk siren's shadow.
A hellwing, a mummy priest, a merfolk siren and 4 hornets come into view.
Found a granite ring.
The helpless merfolk siren fails to defend itself.
You perforate the merfolk siren like a sieve!!!!!
You kill the merfolk siren!
Dithmenos accepts your kill.
Your Spellcasting skill increases to level 10!
Aiming: Shadow Step
Press: ? - help, Dir - move target, f - hellwing
Aim: a hellwing (asleep, umbra)
You step into the hellwing's shadow.
An oklob plant comes into view.
Marking area around an oklob plant as unsafe for travelling.
The helpless hellwing fails to defend itself.
You stick the hellwing like a pincushion!!!!!
You kill the hellwing!
Dithmenos accepts your kill.
Marking area around an oklob plant as unsafe for travelling.
The helpless deep elf annihilator fails to defend itself.
You perforate the deep elf annihilator like a sieve!!!!!
You kill the deep elf annihilator!
Dithmenos accepts your kill.
The merfolk siren shouts!
You hear an angry buzzing noise. x2
The merfolk siren chants a haunting song.
You are mesmerised by the merfolk siren!
Your Fighting skill increases to level 5!
Your Dodging skill increases to level 14!
Your Spellcasting skill increases to level 11!
You already know all available spells.
Aiming: Shadow Step
Press: ? - help, Dir - move target You can't see that place. [a rock wall.]
Okay, then.
The oklob plant spits acid at you. The splash of acid hits you!
A gargoyle comes into view. It is wielding a +0 flail.
The merfolk siren chants its luring song.
You hear an angry buzzing noise.
The hornet buzzes angrily.
You cannot move away from the merfolk siren!
Okay, then.
Really read
i - 2 scrolls of blinking {!r}?
Blink to where?
Press: ? - help, Dir - move target You cannot blink away from the merfolk siren!
Blink to where?
Press: ? - help, Dir - move target You cannot blink away from the merfolk siren!
Blink to where?
Press: ? - help, Dir - move target, f - you
Okay, then.
You feel yourself speed up. The oklob plant spits acid at you.
The splash of acid hits you!!
* * * LOW HITPOINT WARNING * * *
You emit a cloud of dark smoke.
The merfolk siren chants its luring song.
Okay, then.
Aiming: Shadow Step
Press: ? - help, Dir - move target, f - merfolk siren
Aim: a merfolk siren, wielding a +0 spear (mesmerising, umbra)
You step into the merfolk siren's shadow.
The hornet completely misses you. The hornet stings you!
You die...

#§#
##§§§#######'#
'.# ###+# #..#
### #..##
#..§###
#.§§§§#
#.)§§## #.§y##
###.yy#
#P≈@.## #M9my#
###..# +..#
##'# ~~ ~~ ~~~


You could see a mummy priest, an oklob plant, a merfolk siren (mesmerising), 4
hornets and a gargoyle.

Vanquished Creatures
  A deep elf annihilator (D)
  A hydra (D)
  2 centaur warriors (D)
  Sonja (D)
  A deep troll (D)
  A lindwurm (D)
  An oklob plant (D)
  A merfolk siren (D)
  2 kobold demonologists (D)
  2 unseen horrors (D)
  4 demonic crawlers (D)
  A hellwing (D)
  A hornet (D)
  A slime creature (D)
  Sigmund (D)
  A yak (D)
  13 hogs (D)
  2 redbacks (D)
  3 floating eyes (D)
  An ogre (D)
  A necrophage (D)
  8 jellies (D)
  Ijyb (D)
  A ballistomycete spore (D)
52 creatures vanquished.

Vanquished Creatures (others)
  A ballistomycete spore (D)
1 creature vanquished.

Grand Total: 53 creatures vanquished

Notes
Turn   | Place    | Note
-------+----------+-------------------------------------------
     0 | D        | CalmDownMonkey the Spriggan Enchanter began the quest for
                  | the Orb.
     0 | D        | Reached XP level 1. HP: 9/9 MP: 5/5
     1 | D        | Noticed Ijyb
    13 | D        | Killed Ijyb
    14 | D        | Reached skill level 10 in Stealth
    14 | D        | Reached XP level 2. HP: 10/13 MP: 6/6
   146 | D        | Noticed an ogre
   149 | D        | Killed an ogre
   150 | D        | Reached skill level 14 in Stealth
   150 | D        | Reached XP level 3. HP: 16/16 MP: 8/8
   150 | D        | Reached XP level 4. HP: 21/21 MP: 9/9
   153 | D        | Learned a level 2 spell: Ensorcelled Hibernation
   157 | D        | Learned a level 3 spell: Confusing Touch
   161 | D        | Learned a level 3 spell: Tukima's Dance
   170 | D        | Noticed Sigmund
   173 | D        | Killed Sigmund
   174 | D        | Reached skill level 16 in Stealth
   174 | D        | Reached skill level 6 in Hexes
   174 | D        | Reached skill level 3 in Ice Magic
   174 | D        | Reached XP level 5. HP: 24/24 MP: 10/10
   187 | D        | Found an ornate altar of the Wu Jian Council.
   187 | D        | Found a shimmering blue altar of Sif Muna.
   189 | D        | Found a radiant altar of Vehumet.
   195 | D        | HP: 1/24 [acid (2)]
   222 | D        | Reached skill level 7 in Hexes
   222 | D        | Reached skill level 4 in Ice Magic
   222 | D        | Reached XP level 6. HP: 28/28 MP: 8/11
   278 | D        | Found Velumagg's Armour Emporium.
   278 | D        | Found an ancient bone altar of Kikubaaqudgha.
   278 | D        | Found a hazy altar of Hepliaklqana.
   278 | D        | Found a hide-covered altar of Uskayaw.
   278 | D        | Found a basalt altar of Yredelemnul.
   278 | D        | Found an opulent altar of Gozag.
   278 | D        | Found a snail-covered altar of Cheibriados.
   278 | D        | Found a sacrificial altar of Ru.
   278 | D        | Found a shadowy altar of Dithmenos.
   278 | D        | Noticed a yak
   279 | D        | Found a stormy altar of Qazlal.
   279 | D        | Found a blossoming altar of Fedhas.
   279 | D        | Found a bloodstained altar of Trog.
   279 | D        | Found an iron altar of Okawaru.
   279 | D        | Found a glowing golden altar of the Shining One.
   279 | D        | Found a glowing silver altar of Zin.
   279 | D        | Found a white marble altar of Elyvilon.
   280 | D        | Killed a yak
   281 | D        | Reached skill level 17 in Stealth
   281 | D        | Reached skill level 8 in Hexes
   281 | D        | Reached skill level 5 in Ice Magic
   281 | D        | Found a sparkling altar of Nemelex Xobeh.
   292 | D        | Became a worshipper of Dithmenos the Shadowed
   301 | D        | Noticed Sonja
   314 | D        | Found a viscous altar of Jiyva.
   314 | D        | Found a corrupted altar of Lugonu.
   314 | D        | Noticed a slime creature
   315 | D        | Found a burning altar of Makhleb.
   315 | D        | Found a shimmering altar of Xom.
   527 | D        | Noticed a centaur warrior
   565 | D        | Noticed a centaur warrior
   582 | D        | Noticed a kobold demonologist
   582 | D        | Noticed a floating eye
   582 | D        | Noticed a kobold demonologist
   584 | D        | Noticed an ice devil
   584 | D        | Paralysed by a floating eye for 4 turns
   590 | D        | Paralysed by a floating eye for 3 turns
   596 | D        | Paralysed by a floating eye for 2 turns
   601 | D        | Killed a floating eye
   602 | D        | Reached skill level 9 in Hexes
   602 | D        | Reached XP level 7. HP: 32/32 MP: 12/12
   602 | D        | Noticed a red devil
   605 | D        | Noticed a neqoxec
   607 | D        | Killed a kobold demonologist
   608 | D        | Reached skill level 18 in Stealth
   608 | D        | Reached skill level 10 in Hexes
   608 | D        | Reached skill level 6 in Ice Magic
   616 | D        | Killed a kobold demonologist
   616 | D        | Reached * piety under Dithmenos
   617 | D        | Reached skill level 19 in Stealth
   617 | D        | Reached skill level 11 in Hexes
   617 | D        | Reached skill level 7 in Ice Magic
   758 | D        | Killed a slime creature
   759 | D        | Reached XP level 8. HP: 36/36 MP: 10/13
   786 | D        | Killed Sonja
   787 | D        | Reached skill level 6 in Short Blades
   787 | D        | Reached skill level 20 in Stealth
   845 | D        | Noticed a deep troll
   849 | D        | Killed a deep troll
   849 | D        | Reached ** piety under Dithmenos
   850 | D        | Reached skill level 8 in Short Blades
   850 | D        | Reached skill level 22 in Stealth
   850 | D        | Reached XP level 9. HP: 39/39 MP: 11/14
   866 | D        | Found Jetaas's Armour Emporium.
   907 | D        | Found Joygir's Weapon Boutique.
  1030 | D        | Killed a centaur warrior
  1031 | D        | Reached skill level 10 in Short Blades
  1031 | D        | Reached skill level 23 in Stealth
  1034 | D        | Killed a centaur warrior
  1035 | D        | Reached skill level 24 in Stealth
  1275 | D        | Reached skill level 4 in Dodging
  1284 | D        | Noticed an oklob plant
  1286 | D        | Killed an oklob plant
  1287 | D        | Reached skill level 6 in Dodging
  1287 | D        | Reached skill level 25 in Stealth
  1287 | D        | Reached XP level 10. HP: 44/44 MP: 15/15
  1293 | D        | Reached *** piety under Dithmenos
  1297 | D        | Reached skill level 7 in Dodging
  1325 | D        | Reached skill level 8 in Dodging
  1328 | D        | Reached skill level 26 in Stealth
  1357 | D        | Learned a level 3 spell: Dazzling Flash
  1371 | D        | Reached skill level 9 in Dodging
  1371 | D        | Reached skill level 3 in Spellcasting
  1376 | D        | Reached **** piety under Dithmenos
  1667 | D        | Reached skill level 4 in Spellcasting
  1667 | D        | Reached ***** piety under Dithmenos
  1668 | D        | Reached skill level 10 in Dodging
  1668 | D        | Reached skill level 5 in Spellcasting
  1671 | D        | Reached skill level 6 in Spellcasting
  1693 | D        | Noticed a lindwurm
  1695 | D        | Killed a lindwurm
  1696 | D        | Reached skill level 11 in Dodging
  1704 | D        | Reached skill level 27 in Stealth
  1704 | D        | Reached skill level 7 in Spellcasting
  1708 | D        | Reached skill level 1 in Fighting
  1708 | D        | Reached skill level 12 in Dodging
  1710 | D        | Reached skill level 8 in Spellcasting
  1714 | D        | Reached ****** piety under Dithmenos
  1715 | D        | Reached skill level 2 in Fighting
  1722 | D        | Reached XP level 11. HP: 51/51 MP: 12/24
  1728 | D        | Reached skill level 3 in Fighting
  1728 | D        | Reached skill level 9 in Spellcasting
  1732 | D        | Reached skill level 13 in Dodging
  1834 | D        | Noticed a 12-headed hydra
  1836 | D        | Killed a 12-headed hydra
  1837 | D        | Reached skill level 4 in Fighting
  1837 | D        | Paralysed by a floating eye for 4 turns
  1858 | D        | Noticed a deep elf annihilator
  1859 | D        | Noticed a mummy priest
  1861 | D        | Reached skill level 10 in Spellcasting
  1861 | D        | Noticed an oklob plant
  1863 | D        | Killed a deep elf annihilator
  1864 | D        | Reached skill level 5 in Fighting
  1864 | D        | Reached skill level 14 in Dodging
  1864 | D        | Reached skill level 11 in Spellcasting
  1867 | D        | Mangled by a hornet

Illustrated notes

Levels and vault maps discovered:
D:        dungeon_sprint_1 [red_sonja_temple_1, red_sonja_temple_small_1]

Skill      XL: |  1  2  3  4  5  6  7  8  9 10 11 |
---------------+----------------------------------+-----
Stealth        | 10 14 16 17 19 22 25 27 | 27.0
Hexes          | 6 7 9 11 | 11.4
Ice Magic      | 3 4 5 7 |  7.5
Short Blades   | 8 10 | 10.0
Dodging        | 6 12 14 | 14.3
Spellcasting   | 8 11 | 11.0
Fighting       | 2 5 |  5.4

Action                   |  1- 3 |  4- 6 |  7- 9 | 10-12 || total
-------------------------+-------+-------+-------+-------++-------
Melee: Dagger            |    11 |    19 |    21 |    51 ||   102
       Punch             |       |       |       |     1 ||     1
 Cast: Ensorcelled Hiber |       |     1 |     7 |    11 ||    19
       Confusing Touch   |       |       |       |     1 ||     1
Invok: Shadow Step       |       |       |     1 |     7 ||     8
  Use: Potion            |     1 |     2 |     1 |     1 ||     5
 Stab: Sleeping          |     1 |     3 |     7 |    33 ||    44
       Invisible         |       |       |     5 |       ||     5
       Distracted        |       |       |       |     1 ||     1
       Confused          |       |       |       |     1 ||     1
Armor: Robe              |       |       |     5 |       ||     5
Dodge: Dodged            |     5 |     3 |    15 |    13 ||    36

Table legend: (Time is in decaauts)
 A = Elapsed time spent in this place.
 B = Non-inter-level travel time spent in this place.
 C = Inter-level travel time spent in this place.
 D = Time resting spent in this place.
 E = Time spent auto-exploring this place.
 F = Levels seen in this place.
 G = Mean time per level.
                   A        B        C        D        E       F      G
               +--------+--------+--------+--------+--------+-----+--------+
         Total |   1664 |   1664 |      0 |   1055 |    133 |   1 | 1664.0 |
       Dungeon |   1664 |   1664 |      0 |   1055 |    133 |   1 | 1664.0 |
               +--------+--------+--------+--------+--------+-----+--------+

Top non-repeatable levels by time:
       D: 1664 daAuts

Table legend:
 A = Kills in this place as a percentage of kills in entire the game.
 B = Kills by you in this place as a percentage of kills by you in the entire game.
 C = Kills by friends in this place as a percentage of kills by friends in the entire game.
 D = Other kills in this place as a percentage of other kills in the entire game.
 E = Experience gained in this place as a percentage of experience gained in the entire game.
 F = Experience gained in this place divided by the number of levels of this place that you have seen.
                   A       B       C       D       E      F
               +-------+-------+-------+-------+-------+----------------------
         Total | 100.0 | 100.0 |   N/A |   N/A | 100.0 | 14785.0
       Dungeon | 100.0 | 100.0 |   N/A |   N/A | 100.0 | 14785.0
               +-------+-------+-------+-------+-------+----------------------
